[Event "Titled Tuesday Blitz December 27 Late 2022"]
[White "Toniutti, Ezio"]
[Black "Lenderman, Aleksandr"]
[WhiteFideId "113034"]
[BlackFideId "2021285"]
[WhiteElo "2224"]
[BlackElo "2572"]
[Result "1/2-1/2"]
[Round "04"]
[TimeControl "180+2"]
[Date "2022.12.27"]
[WhiteClock "0:00:09"]
[BlackClock "0:00:07"]

1. d4 e6 2. c4 b6 3. e4 Bb4+ 4. Bd2 Bxd2+ 5. Qxd2 d5 6. cxd5 exd5 7. e5 Ne7 8. Bd3 O-O 9. Ne2 Bf5 10. Nbc3 Bxd3 11. Qxd3 c5 12. O-O Nbc6 13. f4 c4 14. Qh3 f5 15. Nd1 Qd7 16. Ne3 Nd8 17. Rad1 Ne6 18. g4 g6 19. gxf5 Nxf5 20. Nxf5 gxf5 21. Kh1 Kh8 22. Rg1 Qf7 23. Rg3 Rg8 24. Rdg1 Rxg3 25. Rxg3 b5 26. Qg2 Rd8 27. Rh3 a5 28. Rh6 Qe7 29. Qh3 Rf8 30. Qh5 b4 31. Qg6 Nd8 32. Qd6 Qg7 33. Rf6 Rxf6 34. exf6 Qg8 35. Qe5 Qf7 36. Qxf5 Qe6 37. Qe5 Kg8 38. Kg2 Kf7 39. Kf3 Nc6 40. Qh5+ Kxf6 41. Qxh7 Qf5 42. Qh8+ Ke7 43. Qg7+ Kd8 44. Qg5+ Qxg5 45. fxg5 a4 46. Ke3 Ke7 47. h4 Kf7 48. h5 Ne7 49. a3 c3 50. Kd3 cxb2 51. Kc2 bxa3 52. Nc3 Nf5 53. g6+ Kg7 54. Nxd5 Nxd4+ 55. Kb1 Nb3 56. Nc3 Nd2+ 57. Ka2 Kh6 58. Kxa3 b1=Q 59. Nxb1 Nxb1+ 60. Kxa4 Nd2 61. Kb5 Ne4 62. Kc6 Nf6 63. Kd6 Nxh5 64. Ke6 Ng7+ 65. Kf7 Nh5 66. g7 Nxg7 1/2-1/2


[Site "https://www.chess.com"]

[Event "Titled Tuesday Blitz December 27 Late 2022"]
[White "Urbina Perez, Juan Antonio"]
[Black "Skvortsov, Andrei"]
[WhiteFideId "2217368"]
[BlackFideId "24108600"]
[WhiteElo "2266"]
[BlackElo "2313"]
[Result "0-1"]
[Round "04"]
[TimeControl "180+2"]
[Date "2022.12.27"]
[WhiteClock "0:00:02"]
[BlackClock "0:00:08"]

1. e4 c5 2. Nf3 d6 3. Bb5+ Nd7 4. d4 cxd4 5. Qxd4 a6 6. Bxd7+ Bxd7 7. Nc3 Bc6 8. O-O e6 9. Rd1 Qc7 10. e5 Rd8 11. Bf4 d5 12. Bg5 Be7 13. Qf4 h6 14. Bxe7 Nxe7 15. Ne2 O-O 16. Ned4 Ng6 17. Qg3 Qb6 18. Rab1 Bd7 19. c3 Rc8 20. h4 Qa5 21. a3 Ne7 22. Qf4 f5 23. exf6 Rxf6 24. Qe3 Qc7 25. Ne5 Ba4 26. Re1 Nf5 27. Nxf5 Rxf5 28. Re2 Rcf8 29. f3 Bb5 30. Ree1 Be8 31. Rbd1 Qd8 32. Rd2 Qxh4 33. Ng4 Bf7 34. Ne5 Be8 35. Ng4 Bd7 36. Ne5 Bc8 37. Ng6 Qg3 38. Nxf8 Rxf8 39. Rd4 Rf5 40. Rg4 Qc7 41. Qxh6 e5 42. Qg6 Rf7 43. Rh4 Bf5 44. Qh5 Kf8 45. Qh8+ Ke7 46. Qh5 Qb6+ 47. Kh2 Qd6 48. g4 e4+ 49. Kh3 Be6 50. Qg5+ Kd7 51. Rh8 Rxf3+ 52. Kh4 Qg3+ 53. Kh5 Bf7+ 54. Qg6 Bxg6+ 0-1


[Site "https://www.chess.com"]

[Event "Titled Tuesday Blitz December 27 Late 2022"]
[White "Vaibhav Jayant Raut"]
[Black "Bok, Benjamin"]
[WhiteFideId "5089034"]
[BlackFideId "1017063"]
[WhiteElo "2237"]
[BlackElo "2607"]
[Result "1-0"]
[Round "04"]
[TimeControl "180+2"]
[Date "2022.12.27"]
[WhiteClock "0:00:07"]
[BlackClock "0:00:02"]

1. d4 Nf6 2. Bf4 d5 3. c3 c5 4. Nf3 Nc6 5. dxc5 a5 6. Nbd2 e6 7. e3 Bxc5 8. Bb5 O-O 9. O-O Qe7 10. Nb3 Bb6 11. a4 e5 12. Bg5 Rd8 13. h3 h6 14. Bh4 Bf5 15. Bg3 Ne4 16. Bh2 f6 17. Nh4 Be6 18. Nd2 Nd6 19. Bd3 e4 20. Bc2 g5 21. Ng6 Qe8 22. Bxd6 Rxd6 23. Nxe4 dxe4 24. Qxd6 Rd8 25. Ne7+ Qxe7 26. Qxe7 Nxe7 27. Bxe4 Rd2 28. Bxb7 Rxb2 29. Rab1 Rxb1 30. Rxb1 Bc7 31. Bf3 Be5 32. Rc1 Bb3 33. Be2 Bxa4 34. Ra1 Bc2 35. Rxa5 Kf7 36. Bc4+ Ke8 37. Be6 Kd8 38. Ra7 Be4 39. Rd7+ Ke8 40. Ra7 Bxc3 41. f3 Bc6 42. Kf2 Be5 43. Ra6 Kf8 44. g3 Bd6 45. f4 gxf4 46. gxf4 f5 47. Bc4 Kg7 48. Bd3 Kf6 49. Rb6 Kf7 50. Bb5 Bxb5 51. Rxb5 Ke6 52. Kf3 Nd5 53. Rb1 Nc3 54. Rc1 Ne4 55. Rg1 Kf6 56. Rd1 Bc5 57. Rd5 Ke6 58. Re5+ Kf6 59. Rd5 h5 60. Rd1 h4 61. Ra1 Ke6 62. Ra6+ Bd6 63. Ra4 Nf6 64. Ra8 Be7 65. Rh8 Ne4 66. Rh6+ Bf6 67. Rh7 Nd2+ 68. Ke2 Nc4 69. Kf3 Nd6 70. Rh6 Kf7 71. Rh7+ Kg6 72. Rd7 Ne4 73. Ra7 Nd2+ 74. Ke2 Ne4 75. Kf3 Bg7 76. Ra6+ Bf6 77. Rb6 Nd2+ 78. Ke2 Ne4 79. Ra6 Kf7 80. Kf3 Be7 81. Ra5 Ke6 82. Ra6+ Bd6 83. Ra5 Nf6 84. Ra6 Nd5 85. e4 fxe4+ 86. Kxe4 Nf6+ 87. Kf3 Ke7 88. f5 Bg3 89. Ra7+ Kd6 90. Ra5 Nd5 91. Kg4 Ne3+ 92. Kg5 Ke7 93. Ra7+ Kd6 94. f6 Ke6 95. Re7+ Kd5 96. Rxe3 Bd6 97. f7 Bf8 98. Re8 1-0


[Site "https://www.chess.com"]

[Event "Titled Tuesday Blitz December 27 Late 2022"]
[White "Vasquez Schroeder, Rodrigo"]
[Black "Matinian, Nikita"]
[WhiteFideId "3400042"]
[BlackFideId "24129100"]
[WhiteElo "2524"]
[BlackElo "2407"]
[Result "0-1"]
[Round "04"]
[TimeControl "180+2"]
[Date "2022.12.27"]
[WhiteClock "0:00:03"]
[BlackClock "0:00:11"]

1. e4 c5 2. Nf3 d6 3. d4 cxd4 4. Nxd4 Nf6 5. Nc3 g6 6. Be2 Bg7 7. O-O O-O 8. Nb3 Nc6 9. Bg5 a6 10. Qd2 b5 11. a3 Bb7 12. Rad1 Rc8 13. Bh6 Ne5 14. Bxg7 Kxg7 15. f3 Qb6+ 16. Kh1 Nc4 17. Bxc4 Rxc4 18. Nd4 Rfc8 19. Rfe1 h6 20. e5 dxe5 21. Rxe5 R8c7 22. Qe3 Kg8 23. Nce2 Nd5 24. Qxh6 Qf6 25. Re4 e5 26. c3 Nb6 27. Nf5 Rd7 28. Rxd7 Nxd7 29. Neg3 Bxe4 30. fxe4 gxf5 31. Qd2 Rxe4 32. Nxe4 fxe4 33. Kg1 Qf5 34. h3 Nf6 35. Qf2 Qf4 36. Qc5 Kg7 37. g3 Qxg3+ 0-1


[Site "https://www.chess.com"]

[Event "Titled Tuesday Blitz December 27 Late 2022"]
[White "Vega Gutierrez, Sabrina"]
[Black "Bach, Matthias"]
[WhiteFideId "2219026"]
[BlackFideId "4603168"]
[WhiteElo "2377"]
[BlackElo "2214"]
[Result "1-0"]
[Round "04"]
[TimeControl "180+2"]
[Date "2022.12.27"]
[WhiteClock "0:00:26"]
[BlackClock "0:00:01"]

1. e4 e5 2. Nf3 Nc6 3. Nc3 d6 4. g3 Be6 5. Bg2 Qd7 6. d4 Bc4 7. b3 Ba6 8. Be3 O-O-O 9. Qd2 Nf6 10. h3 d5 11. exd5 Nxd5 12. Nxe5 Nxe5 13. Nxd5 Nc6 14. O-O-O Qd6 15. Kb1 Qa3 16. c3 Na5 17. Bf4 c6 18. Nc7 Bc4 19. bxc4 Nxc4 20. Qc2 Qa5 21. Qb3 b5 22. Bxc6 a6 23. Ka1 Bd6 24. Nd5 1-0


[Site "https://www.chess.com"]

[Event "Titled Tuesday Blitz December 27 Late 2022"]
[White "Vifleemskaia, Svetlana"]
[Black "Ptacnikova, Lenka"]
[WhiteFideId "4129490"]
[BlackFideId "305650"]
[WhiteElo "1971"]
[BlackElo "2099"]
[Result "1-0"]
[Round "04"]
[TimeControl "180+2"]
[Date "2022.12.27"]
[WhiteClock "0:01:04"]
[BlackClock "0:00:02"]

1. d4 Nf6 2. c4 e6 3. Nc3 Bb4 4. e3 O-O 5. Ne2 d5 6. a3 Be7 7. cxd5 Nxd5 8. g3 c5 9. Bg2 Nf6 10. O-O Nc6 11. dxc5 Bxc5 12. b4 Bb6 13. Bb2 Qe7 14. Qb3 e5 15. Nd5 Nxd5 16. Bxd5 Bg4 17. Nc3 Rac8 18. Bg2 Qg5 19. Ne4 Qh5 20. Nd6 Rc7 21. Nxb7 Bf3 22. Nc5 Bxc5 23. bxc5 e4 24. Bd4 Re7 25. Qc3 f5 26. Rab1 Rfe8 27. a4 Nxd4 28. Qxd4 Re6 29. Rb7 Qg4 30. Qd5 Kh8 31. Qxe6 1-0


[Site "https://www.chess.com"]

[Event "Titled Tuesday Blitz December 27 Late 2022"]
[White "Vlassov, Nikolai"]
[Black "Novikov, Evgenij"]
[WhiteFideId "4103360"]
[BlackFideId "4125380"]
[WhiteElo "2283"]
[BlackElo "2276"]
[Result "1/2-1/2"]
[Round "04"]
[TimeControl "180+2"]
[Date "2022.12.27"]
[WhiteClock "0:00:04"]
[BlackClock "0:00:28"]

1. e4 c6 2. d4 d5 3. e5 Bf5 4. Nf3 e6 5. Be2 Nd7 6. O-O h6 7. Nbd2 Ne7 8. Nb3 Rc8 9. Bd2 Bh7 10. a4 Nf5 11. a5 a6 12. c4 dxc4 13. Bxc4 Ne7 14. Rc1 Nd5 15. Ne1 Be7 16. f4 O-O 17. Bd3 c5 18. Bxh7+ Kxh7 19. dxc5 Nxc5 20. f5 Nxb3 21. Qxb3 Rxc1 22. Bxc1 Qxa5 23. Nd3 Qb6+ 24. Qxb6 Nxb6 25. f6 gxf6 26. exf6 Bd6 27. Rf3 Rg8 28. Bf4 Bxf4 29. Nxf4 Rg5 30. Rc3 Rf5 31. g3 Rxf6 32. Rc7 Nd5 33. Nxd5 exd5 34. Rxb7 Kg7 35. Kg2 Rd6 36. Kf3 d4 37. Ke2 d3+ 38. Kd2 Kg6 39. b4 f6 40. b5 axb5 41. Rxb5 f5 42. h3 h5 43. Rb3 Kg5 44. Rxd3 Ra6 45. Rd4 Ra2+ 46. Ke3 Ra3+ 47. Kf2 Ra2+ 48. Kf3 Ra3+ 49. Kf2 Ra2+ 50. Kf3 Ra3+ 51. Kf2 1/2-1/2


[Site "https://www.chess.com"]

[Event "Titled Tuesday Blitz December 27 Late 2022"]
[White "White, John S."]
[Black "Kopacz, Grzegorz"]
[WhiteFideId "2502348"]
[BlackFideId "1109880"]
[WhiteElo "2235"]
[BlackElo "1997"]
[Result "0-1"]
[Round "04"]
[TimeControl "180+2"]
[Date "2022.12.27"]
[WhiteClock "0:00:02"]
[BlackClock "0:00:01"]

1. e4 e6 2. d4 d5 3. Nc3 Bb4 4. e5 Ne7 5. a3 Bxc3+ 6. bxc3 c5 7. Nf3 Qc7 8. Bd2 Nbc6 9. Be2 c4 10. O-O Bd7 11. Ne1 O-O-O 12. f4 h6 13. a4 Qa5 14. Qb1 Nxd4 15. Bh5 g6 16. Bf3 g5 17. fxg5 hxg5 18. Bxg5 Ndf5 19. Bf6 Qc5+ 20. Rf2 Rxh2 21. Qb4 Rh1+ 22. Kxh1 Qxf2 23. Rb1 Ng3+ 24. Kh2 Nf1+ 25. Kh1 Bc6 26. Qxe7 Rg8 27. Qxf7 Rg3 28. Qxe6+ Bd7 29. Bg4 Bxe6 30. Bxe6+ Kc7 31. Bxd5 Rh3+ 0-1


[Site "https://www.chess.com"]

[Event "Titled Tuesday Blitz December 27 Late 2022"]
[White "Xiong, Jeffery"]
[Black "Atakishiyev, Elmar"]
[WhiteFideId "2047640"]
[BlackFideId "13410547"]
[WhiteElo "2692"]
[BlackElo "2363"]
[Result "1-0"]
[Round "04"]
[TimeControl "180+2"]
[Date "2022.12.27"]
[WhiteClock "0:01:47"]
[BlackClock "0:00:14"]

1. e4 e6 2. d4 d5 3. e5 c5 4. c3 Nc6 5. Nf3 Qb6 6. Be2 Bd7 7. O-O Nge7 8. Na3 cxd4 9. cxd4 Nf5 10. Nc2 a5 11. Kh1 Nb4 12. Ne3 Bb5 13. Nxf5 exf5 14. e6 fxe6 15. Bxb5+ Qxb5 16. Re1 Qd3 17. Rxe6+ Kd8 18. Bg5+ Kc7 19. Bf4+ Kd8 20. Bg5+ Kc7 21. Rc1+ Kb8 22. Bf4+ Ka7 23. Qa4 Nc6 24. Ne5 1-0


[Site "https://www.chess.com"]

[Event "Titled Tuesday Blitz December 27 Late 2022"]
[White "Yanchenko, Roman"]
[Black "Talibov, Shiroghlan"]
[WhiteFideId "4137329"]
[BlackFideId "13429078"]
[WhiteElo "2466"]
[BlackElo "2359"]
[Result "0-1"]
[Round "04"]
[TimeControl "180+2"]
[Date "2022.12.27"]
[WhiteClock "0:00:01"]
[BlackClock "0:00:16"]

1. d4 Nf6 2. c4 e6 3. Nf3 d5 4. Nc3 c6 5. e3 Nbd7 6. Be2 Bd6 7. O-O O-O 8. Qc2 dxc4 9. Bxc4 b5 10. Bd3 Bb7 11. Rd1 Qc7 12. h3 a6 13. b3 c5 14. Ne4 Nxe4 15. Bxe4 Bxe4 16. Qxe4 Nf6 17. Qh4 cxd4 18. Nxd4 Rac8 19. Bb2 Rfd8 20. Rac1 Qb7 21. Rxc8 Qxc8 22. Rc1 Qd7 23. Nf3 Rc8 24. Rxc8+ Qxc8 25. Qd4 Qc7 26. g4 h6 27. Qd3 Nd5 28. Qd4 f6 29. Qe4 Qf7 30. Nd4 Be5 31. Ba3 Bxd4 32. Qxd4 f5 33. Bb2 Kh7 34. gxf5 exf5 35. Qe5 Qg6+ 36. Kh2 Nb4 37. Qd4 Nxa2 38. b4 Qf7 39. Kg3 Qe7 40. Qd5 Qg5+ 41. Kh2 Nxb4 42. Qd4 Nc6 43. Qd7 Na5 44. Be5 Nc4 45. Bd4 Qg6 46. Qb7 Nd2 47. Kh1 Ne4 48. f3 Ng5 49. Kg2 Ne4+ 50. Kf1 Ng3+ 51. Kf2 Nh5 52. Be5 f4 0-1


[Site "https://www.chess.com"]

[Event "Titled Tuesday Blitz December 27 Late 2022"]
[White "Yeritsyan, Hayk"]
[Black "Szente Varga, Fruzsina"]
[WhiteFideId "13307320"]
[BlackFideId "712264"]
[WhiteElo "2241"]
[BlackElo "2075"]
[Result "1-0"]
[Round "04"]
[TimeControl "180+2"]
[Date "2022.12.27"]
[WhiteClock "0:01:26"]
[BlackClock "0:00:14"]

1. d4 Nf6 2. Nf3 g6 3. Bf4 Bg7 4. h3 d5 5. e3 O-O 6. c3 c5 7. Be2 Nc6 8. O-O Re8 9. Bh2 Ne4 10. Nbd2 e5 11. Nxe4 dxe4 12. Nxe5 Nxe5 13. Bxe5 Bxe5 14. dxe5 Qg5 15. Kh1 Qxe5 16. Bc4 Be6 17. Bxe6 Rxe6 18. Qd7 Re7 19. Qb5 a6 20. Qe2 Rd8 21. Rad1 Red7 22. Rxd7 Rxd7 23. Rd1 Qe6 24. a3 b5 25. Rd2 Rxd2 26. Qxd2 Qc4 27. Kg1 Qd3 28. Qxd3 exd3 29. Kf1 c4 30. e4 f6 31. f4 Kf7 32. Kf2 Ke6 33. Ke3 g5 34. g3 h5 35. h4 gxf4+ 36. gxf4 a5 37. a4 Kd6 38. axb5 Kc5 39. e5 fxe5 40. f5 Kxb5 41. f6 Ka4 42. f7 Kb3 43. f8=Q Kxb2 44. Kd2 a4 45. Qb4+ Ka2 46. Qxa4+ Kb2 47. Qxc4 1-0


[Site "https://www.chess.com"]

[Event "Titled Tuesday Blitz December 27 Late 2022"]
[White "Yuan, Qingyu"]
[Black "Remolar Gallen, Jose"]
[WhiteFideId "8609772"]
[BlackFideId "2215187"]
[WhiteElo "2373"]
[BlackElo "2285"]
[Result "1-0"]
[Round "04"]
[TimeControl "180+2"]
[Date "2022.12.27"]
[WhiteClock "0:00:07"]
[BlackClock "0:00:03"]

1. e4 c5 2. Nf3 d6 3. d4 cxd4 4. Nxd4 Nf6 5. Nc3 a6 6. Rg1 h5 7. Be3 e5 8. Nb3 Be7 9. h3 h4 10. Qd2 Be6 11. O-O-O Nbd7 12. f4 Qc7 13. Kb1 b5 14. g4 hxg3 15. f5 Bc4 16. Rxg3 b4 17. Bxc4 Qxc4 18. Nd5 Nxe4 19. Qg2 Nxg3 20. Qxg3 Rc8 21. Qg2 Rxh3 22. Na5 Rg3 23. Qd2 Qb5 24. Nxe7 Kxe7 25. Qxd6+ Ke8 26. Rh1 Nf8 27. Rh8 Rg1+ 28. Bc1 Rxc1+ 29. Kxc1 Qf1+ 30. Qd1 Qxf5 31. b3 e4 32. Nc4 Qf4+ 33. Kb1 Rd8 34. Qe1 f5 35. Qxb4 Kf7 36. Qb7+ Kf6 37. Qb6+ Ke7 38. Qc5+ Kf7 39. Qa7+ Kg6 40. Qb6+ Kf7 41. Rh1 Qb8 42. Qe3 Qb7 43. a4 Kg8 44. Qh3 Ng6 45. Qh5 Qf7 46. Qh7+ Kf8 47. Rg1 Ne7 48. Ne5 Qf6 49. Qh8+ Ng8 50. Ng6+ Kf7 51. Qh5 f4 52. Nxf4+ Kf8 53. Ng6+ Kf7 54. Ne5+ Kf8 55. Ng4 Qf7 56. Qh3 Re8 57. Rf1 Nf6 58. Qh4 Re6 59. Ne3 Qe7 60. Qg5 Kg8 61. Nf5 Qf7 62. Nh6+ Kf8 63. Nxf7 Kxf7 64. Qe3 1-0


[Site "https://www.chess.com"]

[Event "Titled Tuesday Blitz December 27 Late 2022"]
[White "Yurovskykh, Oleksandr"]
[Black "Vovk, Orest"]
[WhiteFideId "14134020"]
[BlackFideId "14113490"]
[WhiteElo "2328"]
[BlackElo "2315"]
[Result "1-0"]
[Round "04"]
[TimeControl "180+2"]
[Date "2022.12.27"]
[WhiteClock "0:01:55"]
[BlackClock "0:01:52"]

1. d4 h6 2. c4 g5 3. e4 Bg7 4. Nc3 c5 5. Nge2 cxd4 6. Nxd4 Nc6 7. Be3 d6 8. Be2 Qa5 9. O-O Bd7 10. Qd2 Nxd4 11. Bxd4 Bxd4 12. Qxd4 Nf6 13. Nd5 O-O-O 14. Nxe7+ Kb8 15. Qxf6 Be6 16. Nd5 1-0


[Site "https://www.chess.com"]

[Event "Titled Tuesday Blitz December 27 Late 2022"]
[White "reevecanada"]
[Black "Przybylski, Wojciech"]
[BlackFideId "1117599"]
[WhiteElo "2430"]
[BlackElo "2321"]
[Result "1-0"]
[Round "04"]
[TimeControl "180+2"]
[Date "2022.12.27"]
[WhiteClock "0:00:23"]
[BlackClock "0:00:01"]

1. d4 Nf6 2. Nf3 d5 3. e3 Bg4 4. Be2 e6 5. O-O Nbd7 6. h3 Bxf3 7. Bxf3 Bd6 8. Nd2 O-O 9. e4 dxe4 10. Nxe4 Nxe4 11. Bxe4 c6 12. Bd3 Re8 13. Qh5 g6 14. Qf3 a5 15. Bd2 e5 16. Bc4 Qe7 17. Bg5 Qf8 18. Bh6 Qe7 19. Rfe1 b5 20. Bd3 Qh4 21. Qxc6 Qxh6 22. Qxd7 Red8 23. Qxb5 Rab8 24. Qxa5 Bb4 25. Qxe5 Bxe1 26. Rxe1 Rxb2 27. Bc4 Qf8 28. Bb3 Qd6 29. Qxd6 Rxd6 30. Rd1 Kf8 31. Kf1 Ke7 32. Ke1 f5 33. d5 Ra6 34. Kd2 Kd6 35. Ra1 Rxb3 36. cxb3 Kxd5 37. Kc3 Rc6+ 38. Kb2 f4 39. Rd1+ Ke4 40. a4 f3 41. g3 h5 42. Re1+ Kd4 43. Rd1+ Ke4 44. a5 g5 45. b4 g4 46. h4 Rc4 47. Kb3 Rc6 48. b5 Rc5 49. Kb4 Rc2 50. a6 Rb2+ 51. Ka5 Rxf2 52. b6 Ra2+ 53. Kb5 f2 54. b7 Kf3 55. Kb6 Re2 56. b8=Q Rb2+ 57. Ka7 Rxb8 58. Kxb8 Kxg3 59. a7 Kh2 60. a8=Q Kg3 61. Qh1 1-0


[Site "https://www.chess.com"]

[Event "Titled Tuesday Blitz December 27 Late 2022"]
[White "Aguilar, Juan"]
[Black "Rosenberg, Evan S"]
[WhiteFideId "3800091"]
[BlackFideId "2019299"]
[WhiteElo "2254"]
[BlackElo "1956"]
[Result "1-0"]
[Round "05"]
[TimeControl "180+2"]
[Date "2022.12.27"]
[WhiteClock "0:00:05"]
[BlackClock "0:00:01"]

1. g3 e5 2. Bg2 d5 3. d3 Nf6 4. a3 Nc6 5. b4 Bd6 6. Bb2 Be6 7. Nd2 Qd7 8. c4 a6 9. Ngf3 e4 10. Ng5 Be5 11. Bxe5 Nxe5 12. cxd5 Bxd5 13. Ngxe4 Nxe4 14. Nxe4 O-O 15. O-O b6 16. Rc1 f5 17. Nc3 Bxg2 18. Kxg2 f4 19. Qb3+ Kh8 20. Qd5 Qxd5+ 21. Nxd5 f3+ 22. exf3 Rad8 23. Nxc7 Rxd3 24. f4 Ng4 25. h3 Nf6 26. Nxa6 Rxa3 27. Nc7 Ra2 28. Rfe1 h5 29. Kf3 h4 30. Re7 hxg3 31. fxg3 Nh7 32. Rd1 Ng5+ 33. Kg4 Nf7 34. Rdd7 Nh6+ 35. Kf3 Ra3+ 36. Re3 Rxe3+ 37. Kxe3 Nf5+ 38. Kf3 Rc8 39. Ne6 Rc3+ 40. Kg4 Nh6+ 41. Kh4 Nf5+ 42. Kg5 Nxg3 43. Rd8+ Kh7 44. Nf8+ Kg8 45. Ng6+ Kf7 46. f5 Ne4+ 47. Kf4 Rc7 48. Rf8# 1-0


[Site "https://www.chess.com"]

[Event "Titled Tuesday Blitz December 27 Late 2022"]
[White "Andrews, Todd"]
[Black "Rose, Felix"]
[WhiteFideId "2012456"]
[BlackFideId "5105722"]
[WhiteElo "2220"]
[BlackElo "2091"]
[Result "1-0"]
[Round "05"]
[TimeControl "180+2"]
[Date "2022.12.27"]
[WhiteClock "0:01:43"]
[BlackClock "0:01:45"]

1. e4 e5 2. Nf3 Nc6 3. d4 exd4 4. Nxd4 Nf6 5. Nxc6 bxc6 6. e5 Qe7 7. Qe2 Nd5 8. c4 Nb6 9. h4 Ba6 10. Nd2 Qe6 11. Rh3 Bb4 12. b3 Qe7 13. Bb2 O-O-O 14. O-O-O d5 15. exd6 Qxe2 16. Bxe2 Bxd6 17. Bxg7 Rhg8 18. Bf6 Rde8 19. Bf3 c5 20. Ne4 Bf4+ 21. Kc2 Bb7 22. Nxc5 Bxf3 23. Rxf3 Bd6 24. Nd3 Rxg2 25. c5 Re2+ 26. Rd2 Rxd2+ 27. Kxd2 1-0


[Site "https://www.chess.com"]

[Event "Titled Tuesday Blitz December 27 Late 2022"]
[White "Antonica, Dragos-Andrei"]
[Black "Samsonkin, Artiom"]
[WhiteFideId "1246372"]
[BlackFideId "13503111"]
[WhiteElo "2373"]
[BlackElo "2420"]
[Result "1-0"]
[Round "05"]
[TimeControl "180+2"]
[Date "2022.12.27"]
[WhiteClock "0:00:10"]
[BlackClock "0:00:02"]

1. d4 Nf6 2. Nf3 e6 3. c4 Bb4+ 4. Nbd2 O-O 5. Qc2 a5 6. a3 Bxd2+ 7. Bxd2 d6 8. e3 a4 9. Bd3 Qe7 10. Bc3 Nbd7 11. O-O e5 12. Nd2 b6 13. Rae1 Bb7 14. f4 Rfe8 15. fxe5 dxe5 16. d5 Nc5 17. Bf5 Bc8 18. Bxc8 Raxc8 19. Rf5 Nfd7 20. Ref1 f6 21. Rh5 g6 22. Rh3 Nb7 23. Qxa4 Nd6 24. Bb4 Nc5 25. Qc6 Nd3 26. Bc3 f5 27. b4 e4 28. Nb3 Ne5 29. Bxe5 Qxe5 30. Nd4 Re7 31. c5 bxc5 32. bxc5 Nc4 33. d6 Rf7 34. Qb7 Rd8 35. Qb3 Nd2 36. Qe6 Qxc5 37. Rxh7 Rf8 38. Qxg6+ Rg7 39. Qxg7# 1-0


[Site "https://www.chess.com"]

[Event "Titled Tuesday Blitz December 27 Late 2022"]
[White "Antonios, Johnny"]
[Black "Araujo, Everson De Moura"]
[WhiteFideId "5300843"]
[BlackFideId "22737197"]
[WhiteElo "2269"]
[BlackElo "1944"]
[Result "1-0"]
[Round "05"]
[TimeControl "180+2"]
[Date "2022.12.27"]
[WhiteClock "0:00:24"]
[BlackClock "0:00:01"]

1. e4 e6 2. d4 d5 3. Nd2 Nc6 4. Ngf3 Nf6 5. e5 Nd7 6. Nb3 f6 7. Bf4 Be7 8. exf6 Nxf6 9. Bb5 Bd6 10. Ne5 Bd7 11. Bxc6 Bxc6 12. Nxc6 bxc6 13. Be5 O-O 14. O-O Rb8 15. Re1 Ne4 16. f3 Ng5 17. Qd2 Rxf3 18. h4 Ne4 19. Rxe4 Rfxb3 20. Rg4 Bxe5 21. axb3 Bf6 22. Rxa7 Bxh4 23. Qe2 Qe7 24. Ra6 Bf6 25. Rxc6 Re8 26. c3 Qd7 27. Rc5 Be7 28. Rb5 Bd6 29. Ra5 c6 30. Ra6 Qb7 31. b4 e5 32. Rg5 1-0


[Site "https://www.chess.com"]

[Event "Titled Tuesday Blitz December 27 Late 2022"]
[White "Antonova, Nadezhda"]
[Black "Melikhov, Evgeny V."]
[WhiteFideId "14700182"]
[BlackFideId "4122046"]
[WhiteElo "1945"]
[BlackElo "2269"]
[Result "0-1"]
[Round "05"]
[TimeControl "180+2"]
[Date "2022.12.27"]
[WhiteClock "0:00:07"]
[BlackClock "0:00:13"]

1. Nf3 f5 2. b3 Nf6 3. Bb2 g6 4. g3 Bg7 5. Bg2 O-O 6. O-O d6 7. d4 c6 8. c4 a5 9. Nc3 Na6 10. Re1 Nc7 11. e4 fxe4 12. Nxe4 Nxe4 13. Rxe4 Bf5 14. Re1 Qd7 15. Qd2 Bh3 16. Bxh3 Qxh3 17. Rxe7 Rxf3 18. Rxc7 Raf8 19. Rf1 R8f5 20. d5 Rh5 21. Rxg7+ Kf8 22. Rd1 Qxh2+ 23. Kf1 Qh1+ 24. Ke2 Qg2 25. Rf1 Rhf5 26. Bd4 Rxg3 27. Qh6 Qe4+ 28. Be3 Qc2+ 29. Bd2 Re5+ 30. Qe3 Rgxe3+ 31. fxe3+ Kxg7 32. Rc1 Qe4 33. Rf1 Qg4+ 34. Kd3 Kg8 35. Bc3 Rf5 36. Re1 Rf3 37. Kd2 Qf5 38. Re2 Rf2 39. Bd4 Rxe2+ 40. Kxe2 Qe4 41. a4 h5 42. dxc6 bxc6 43. Bb6 Qc2+ 44. Kf3 Qxb3 45. Bxa5 Qxa4 46. Bc7 Qxc4 47. Bxd6 Qd5+ 48. e4 Qxd6 49. Ke3 c5 50. e5 Qd4+ 51. Kf3 c4 52. e6 c3 53. e7 Kf7 54. e8=Q+ Kxe8 55. Kg3 c2 56. Kh2 c1=Q 57. Kg3 Qcc3+ 58. Kg2 Qdd2+ 59. Kf1 Qcc1# 0-1


[Site "https://www.chess.com"]

[Event "Titled Tuesday Blitz December 27 Late 2022"]
[White "Araujo Sanchez, Josue"]
[Black "Perez Ponsa, Federico"]
[WhiteFideId "6416896"]
[BlackFideId "117927"]
[WhiteElo "2303"]
[BlackElo "2532"]
[Result "0-1"]
[Round "05"]
[TimeControl "180+2"]
[Date "2022.12.27"]
[WhiteClock "0:00:22"]
[BlackClock "0:00:05"]

1. b3 e5 2. Bb2 Nc6 3. e3 d5 4. Bb5 Bd6 5. Nf3 Qe7 6. d4 e4 7. Ne5 Qg5 8. Kf1 Ne7 9. c4 a6 10. cxd5 axb5 11. dxc6 f6 12. h4 Qf5 13. Nd7 Nd5 14. Qe2 bxc6 15. Nc5 Bxc5 16. dxc5 b4 17. Kg1 Ba6 18. Qe1 O-O 19. Nd2 Bd3 20. Nf1 Ra6 21. Ng3 Qg4 22. h5 h6 23. Bd4 f5 24. Rh3 f4 25. Nf1 Raa8 26. exf4 Nxf4 27. Rg3 Ne2+ 28. Qxe2 Bxe2 29. Rxg4 Bxg4 30. Ng3 Rad8 31. Be5 Rd1+ 32. Rxd1 Bxd1 33. Bxc7 Ra8 34. Nxe4 Rxa2 35. Bf4 Bxb3 36. Nd2 Bd5 37. Kh2 b3 38. Nb1 Rxf2 39. Kg3 Rf1 40. Nd2 b2 41. Nxf1 b1=Q 42. Ne3 Qe4 43. Kg4 Be6+ 44. Kg3 Kh7 45. Nf1 Bc4 46. Ne3 Bd3 47. Kg4 Be2+ 48. Kg3 Bxh5 49. Nf1 Be2 50. Ne3 g5 0-1


[Site "https://www.chess.com"]

[Event "Titled Tuesday Blitz December 27 Late 2022"]
[White "Arencibia Monduy, Antonio"]
[Black "Carbone, Diego"]
[WhiteFideId "3507939"]
[BlackFideId "3002179"]
[WhiteElo "2122"]
[BlackElo "2336"]
[Result "0-1"]
[Round "05"]
[TimeControl "180+2"]
[Date "2022.12.27"]
[WhiteClock "0:00:02"]
[BlackClock "0:00:02"]

1. c4 e6 2. e3 d5 3. cxd5 exd5 4. d4 Nf6 5. Bd3 c6 6. Nc3 Bd6 7. Nf3 Nbd7 8. h3 Nf8 9. O-O g6 10. Re1 Ne6 11. e4 dxe4 12. Nxe4 Nxe4 13. Bxe4 O-O 14. Bh6 Re8 15. Qc2 Ng7 16. Rad1 Nf5 17. Bg5 f6 18. Bc1 Kg7 19. d5 c5 20. b3 Bd7 21. Bb2 Rc8 22. Qd2 b5 23. g4 Nd4 24. Nxd4 cxd4 25. Bxd4 Be5 26. Bg2 Qc7 27. Bxe5 Rxe5 28. Rxe5 Qxe5 29. Re1 Qd6 30. Qe3 Kf7 31. Qxa7 Rc2 32. a4 bxa4 33. bxa4 Ra2 34. a5 Kg7 35. Qe3 Kf7 36. Qh6 Kg8 37. Qe3 Rxa5 38. Bf3 Ra3 39. Qe2 Kf7 40. Kg2 Rb3 41. Rd1 Bb5 42. Qe4 Rb4 43. Rd4 Rb2 44. Rd1 Rb4 45. Qe3 Bd7 46. Re1 Ra4 47. Qb3 Ra3 48. Qd1 Qf4 49. Qe2 Qd6 50. h4 Ra4 51. Qe3 Rb4 0-1


[Site "https://www.chess.com"]

[Event "Titled Tuesday Blitz December 27 Late 2022"]
[White "Arnold, Ken"]
[Black "Kavutskiy, Konstantin"]
[WhiteFideId "2056836"]
[BlackFideId "2026384"]
[WhiteElo "2355"]
[BlackElo "2414"]
[Result "0-1"]
[Round "05"]
[TimeControl "180+2"]
[Date "2022.12.27"]
[WhiteClock "0:00:43"]
[BlackClock "0:01:55"]

1. d4 Nf6 2. c4 g6 3. Nf3 Bg7 4. Nc3 O-O 5. e4 d6 6. Be2 e5 7. Bg5 h6 8. dxe5 hxg5 9. exf6 Bxf6 10. Qd2 g4 11. Nd4 Nc6 12. Nc2 Be6 13. Rd1 Kg7 14. Ne3 Ne5 15. Ncd5 Bg5 16. O-O Rh8 17. g3 c6 18. Nf4 Bxf4 19. Qxd6 0-1


[Site "https://www.chess.com"]